 Dungeon Crawl Stone Soup version 0.17-a0-777-g32247ce (webtiles) character file.

534 miau the Ruffian (level 7, -2/44 HPs)
             Began as a Gargoyle Monk on Apr 25, 2015.
             Killed from afar by an orc wizard (5 damage)
             ... with a magic dart
             ... on level 4 of the Dungeon.
             The game lasted 00:39:08 (3693 turns).

miau the Ruffian (Gargoyle Monk)                    Turns: 3693, Time: 00:39:08

Health: -2/44      AC: 10    Str: 15    XL:     7   Next: 25%
Magic:  7/7        EV: 13    Int: 11    God:
Gold:   180        SH:  0    Dex: 13    Spells: 0 memorised, 6 levels left

rFire  . . .     SeeInvis .       - Unarmed
rCold  . . .     Rnd*Rage +     j - +1 leather armour
rNeg   + + .     SustAb   .     (no shield)
rPois  ∞         Gourm    .     (helmet restricted)
rElec  +         Spirit   .     (no cloak)
rCorr  .         Warding  .     r - +0 pair of gloves
rMut   .         Stasis   .     (no boots)
MR     .....                    l - amulet of regeneration
Stlth  ++........               (no ring)
                                c - ring of positive energy

@: not resistant to hostile enchantments, unstealthy
A: antennae 1, talons 2, berserk 1, negative energy resistance 1, electricity
resistance, slow healing 1, unbreathing, petrification resistance, rot immunity,
AC +4
a: no special abilities


You were on level 4 of the Dungeon.
You were very hungry.

You visited 1 branch of the dungeon, and saw 4 of its levels.

You collected 180 gold pieces.

Inventory:

Hand weapons
 o - a +0 blowgun
Missiles
 f - 188 stones (quivered)
 n - 4 tomahawks
 p - 12 poisoned needles
Armour
 a - a +0 robe
 j - a +1 leather armour (worn)
 q - a +0 scale mail
 r - a +0 pair of gloves (worn)
Jewellery
 c - a ring of positive energy (left hand)
 l - an amulet of regeneration (around neck)
Scrolls
 d - 2 scrolls of enchant armour
 e - a scroll of fear
 g - 2 scrolls of teleportation
 k - 6 scrolls of identify
Potions
 m - a potion of haste
Comestibles
 b - 2 bread rations
 h - 2 beef jerkies
 i - 4 chunks of flesh


   Skills:
 + Level 4.5 Fighting
 + Level 3.0 Throwing
 + Level 2.5 Armour
 + Level 3.6 Dodging
 + Level 3.1 Stealth
 + Level 5.5 Unarmed Combat


You had 6 spell levels left.
You didn't know any spells.

Dungeon Overview and Level Annotations

Branches:
Dungeon (4/15)
 Temple: D:4-7

Altars:
Nemelex Xobeh


Innate Abilities, Weirdness & Mutations

You are resistant to torment.
Your stone body is resilient (AC +4).
You are immune to poison.
You resist negative energy.
You are resistant to electric shocks.
You can survive without breathing.
You are immune to petrification.
You are immune to rotting.
You have a pair of small antennae on your head.
You have razor-sharp toenails.
You tend to lose your temper in combat.
You heal slowly when monsters are visible.


Message History

The orc priest closely misses you.
You completely miss the orc priest.
You claw the orc priest, but do no damage.
The orc priest hits you but does no damage.
You punch the orc priest!
You claw the orc priest, but do no damage.
The orc priest is almost dead.
The orc wizard gestures wildly while chanting.
The orc wizard blinks!
The orc priest glows brightly for a moment.
You punch the orc priest!
You kill the orc priest!
You barely miss the orc. You claw the orc, but do no damage.
The orc wizard points at you and mumbles some strange words.
The magic dart hits you! The orc hits you but does no damage.
You barely miss the orc. You claw the orc, but do no damage.
You are feeling very hungry.
The orc wizard gestures at you while chanting.
The magic dart hits you!
You die...

.##.## #......# ##...# .#..#
#......####..#.#
....#####......##....#.#
.##....###)######.##.#..#..
.#####.###.# ## #.# .#.#
.#####.....###o #.# ..#
..##........##. #.####.##
#....######....#####.#.....#
###..# #...o@).§<......#
##.# #.#####.)#o.....####
#.....# .# ##.###........###
#.###...# # #..#
#.....##.... #.# #... #.##
#.)...###### .. .. #.#
#.....# # ##.# #.# #.....#
##.# #.# #.....# ...## #.#
#.....#


You could see an orc wizard and an orc.

Vanquished Creatures
  A phantom (D:4)
  An ogre (D:4)
  2 orc priests (D:4)
  3 orc wizards (D:3)
  2 worker ants (D:4)
  8 adders
  3 worms
  An adder skeleton (D:4)
  7 orcs
  2 giant cockroaches (D:1)
  13 hobgoblins
  2 jackals (D:1)
  11 kobolds
  5 quokkas
  7 bats
  3 giant geckos
  6 giant newts
  10 goblins
  14 rats
101 creatures vanquished.

Notes
Turn   | Place    | Note
--------------------------------------------------------------
     0 | D:1      | miau, the Gargoyle Monk, began the quest for the Orb.
     0 | D:1      | Reached XP level 1. HP: 14/14 MP: 1/1
   352 | D:1      | Reached XP level 2. HP: 19/19 MP: 2/2
   984 | D:1      | Reached XP level 3. HP: 24/24 MP: 3/3
  1118 | D:1      | Gained mutation: You have a pair of small antennae on your head. [potion of mutation]
  1118 | D:1      | Gained mutation: You tend to lose your temper in combat. [potion of mutation]
  1119 | D:1      | Gained mutation: You have sharp toenails. [potion of mutation]
  1119 | D:1      | Gained mutation: You heal slowly when monsters are visible. [potion of mutation]
  1119 | D:1      | Gained mutation: You have razor-sharp toenails. [potion of mutation]
  1680 | D:2      | Reached skill level 1 in Armour
  1789 | D:2      | Reached XP level 4. HP: 29/29 MP: 4/4
  2461 | D:3      | Reached skill level 1 in Throwing
  2461 | D:3      | Reached XP level 5. HP: 33/33 MP: 5/5
  3043 | D:4      | Found a sparkling altar of Nemelex Xobeh.
  3165 | D:4      | Noticed an ogre
  3192 | D:4      | Killed an ogre
  3192 | D:4      | Reached skill level 5 in Unarmed Combat
  3192 | D:4      | Reached XP level 6. HP: 12/38 MP: 6/6
  3286 | D:4      | Noticed a phantom
  3321 | D:4      | Killed a phantom
  3446 | D:4      | Reached XP level 7. HP: 44/44 MP: 7/7
  3685 | D:4      | HP: 1/44 [orc priest/divine providence (11)]
  3693 | D:4      | Killed from afar by an orc wizard

Action                   |  1- 3 |  4- 6 |  7- 9 || total
-------------------------+-------+-------+-------++-------
Melee: Unarmed           |   138 |   155 |    57 ||   350
 Fire: Blowgun           |       |     2 |       ||     2
Throw: Stone             |    73 |    63 |    17 ||   153
       Tomahawk          |       |     5 |       ||     5
  Use: Potion            |     5 |     4 |       ||     9
       Scroll            |     7 |     1 |     1 ||     9
 Stab: Sleeping          |     2 |     2 |       ||     4
  Eat: Chunk             |     4 |     8 |       ||    12
